AoeStats
← jordicastillo

Pilgrims

507310733Analyzed
2v2 RM · 15d ago on Sep 17, 2026· 49m 8s· 4 players
Game mode
Random Map
Map size
Medium (4 player)
Population
200
Speed
Normal
Resources
Standard
Victory
Conquest
Starting age
Dark Age
Ending age
Imperial Age
RankedLock teamsTeams togetherTeam positionsShared explorationLock speedFull tech treeHidden civsTurbo modeCheats
Victory
Defeat
🇮🇹 Tupi · Italy
768
+15
🇩🇪 Romans · Germany
708
+18
🇩🇪 Sicilians · Germany
757
-17
🇩🇪 Vikings · Germany
737
-16
Peppe_04
12:06 Feudal Age
13:04 Double-Bit Axe
16:06 Champi Runner
23:14 Wheelbarrow
27:02 Castle Age
25:46 Forging
25:37 Scale Mail Armor
32:52 Bow Saw
32:42 Champi Warrior
35:20 Caciques
49:44 Hand Cart
49:15 Town Watch
49:16 Loom
King Kong
10:15 Loom
12:14 Feudal Age
14:26 Fishing Lines
14:46 Gold Mining
14:31 Man-at-Arms
21:24 Forging
21:14 Scale Mail Armor
29:04 Castle Age
28:05 Fletching
29:35 Long Swordsman
30:16 Squires
30:55 Iron Casting
30:36 Chain Mail Armor
30:55 Double-Bit Axe
34:44 Imperial Age
34:06 Bodkin Arrow
37:52 Legionary
39:50 Blast Furnace
jordicastillo
11:33 Loom
14:12 Feudal Age
19:51 Man-at-Arms
24:17 Castle Age
32:00 Gold Mining
32:00 Double-Bit Axe
31:58 Horse Collar
32:27 Scale Mail Armor
41:00 Imperial Age
40:14 Chain Mail Armor
40:12 Forging
42:18 Elite Serjeant
eric.w.hof
15:15 Feudal Age
17:37 Double-Bit Axe
21:23 Man-at-Arms
26:05 Castle Age
25:12 Forging
25:02 Scale Mail Armor
26:20 Horse Collar
26:34 Gold Mining
30:33 Loom
36:03 Heavy Plow
40:06 Gold Shaft Mining
39:22 Stone Mining
46:43 Fletching
46:53 Padded Archer Armor
Connection lost

Rejoining the realm…

Still unreachable

The connection could not be restored.

Session expired

The server has moved on; the page needs a fresh start.